Map: Dreamcatcher LE

Players

Bly - Winner!

  • Race: Zerg Zerg
  • Spawn Location: 11:00

PandaBearMe

  • Race: Zerg Zerg
  • Spawn Location: 5:00

Event: WCS Austin 2018

VOD

Have the link to the VOD?

Description

Time

  • Played on: June 1, 2018, 4:47 p.m.
  • Length: 4:39

All games in this series

Show
View Real Time Build Order
Export as new Build Order

Bly Zerg - Winner!

Build Orders: Pool First 

Get SALT Encoding   

  12  0:18  Spawning Pool  
  11  0:22  Drone  
  11  0:27  Drone  
  13  0:31  Drone  
  14  0:42  Overlord  
  14  1:05  Zergling x4  
  14  1:06  Zergling x2  
  17  1:16  Zergling x2  
  18  1:19  Hatchery  
  17  1:27  Zergling x2  
  18  1:34  Queen  
  18  1:38  Zergling x2  
  21  1:51  Overlord  
  21  1:59  Drone  
  22  2:10  Queen  
  24  2:16  Drone  
  25  2:23  Drone  
  25  2:33  Drone x2  
  25  2:34  Queen  
  25  2:43  Drone x2  
  27  2:51  Queen  
  29  2:52  Drone  
  29  2:53  Drone  
  29  2:55  Zergling x2  
  31  2:59  Zergling x2  
  32  3:05  Zergling x4  
  34  3:13  Zergling x2  
  34  3:17  Drone  
  36  3:20  Extractor  
  36  3:21  Extractor  
  36  3:27  Drone x2  
  36  3:28  Overlord  
  36  3:30  Overlord  
  36  3:32  Overlord  
  36  3:37  Overlord  
  36  3:42  Overlord  
  36  3:50  Drone  
  37  3:57  Drone x2  
  37  3:59  Drone x3  
  37  4:01  Extractor  
  41  4:06  Evolution Chamber  
  41  4:09  Evolution Chamber  
  34  4:15  Evolution Chamber, Zergling x2  
  34  4:21  Zergling x4  
  36  4:30  Evolution Chamber x2  
Show
View Real Time Build Order
Export as new Build Order

PandaBearMe Zerg 

Build Orders: Hatch First 

Get SALT Encoding   

  12  0:02  Drone  
  13  0:13  Overlord  
  13  0:16  Drone  
  14  0:31  Drone x2  
  16  0:49  Hatchery  
  15  0:51  Drone  
  15  0:54  Drone  
  17  0:58  Drone  
  17  1:00  Extractor  
  17  1:14  Spawning Pool  
  17  1:18  Drone  
  17  1:20  Drone  
  18  1:29  Drone  
  19  2:00  Queen  
  23  2:02  Zergling x8  
  27  2:14  Zergling x2  
  28  2:16  Spine Crawler  
  26  2:28  Zergling x2  
  26  2:38  Hatchery  
  26  2:41  Metabolic Boost  
  25  2:45  Overlord  
  25  2:54  Overlord  
  25  3:15  Hatchery  
  25  3:17  Zergling x2  
  25  3:18  Zergling x2  
  26  3:22  Zergling x2  
  26  3:25  Zergling x2  
  28  3:28  Zergling x2  
  28  3:32  Zergling x2  
  29  3:37  Zergling x2  
  30  3:45  Overlord  
  30  3:50  Zergling x4  
  30  3:55  Overlord  
  30  4:10  Zergling x6  
  30  4:13  Overlord  
  30  4:14  Zergling x2  
  34  4:17  Zergling x2  
Tags
 
Add a new tag
Caveats
  • Supply blocks, unpowered buildings, or Contaminate may cause inaccurate times.
  • Supply counts are checked every 10 seconds.